 Dungeon Crawl Stone Soup version 0.29.1-12-g30fa7ad0bf (webtiles) character file.

Game seed: 18155727611359978837

107 Qrupt the Trooper (level 4, -1/29 HPs)
             Began as a Gargoyle Fighter on Jan 5, 2023.
             Slain by an orc
             ... wielding a +0 war axe
              (3 damage)
             ... on level 3 of the Dungeon.
             The game lasted 00:02:27 (3052 turns).

Qrupt the Trooper (Gargoyle Fighter)                Turns: 3052, Time: 00:02:28

Health: -1/29      AC: 10    Str: 21    XL:     4   Next: 85%
Magic:  4/4        EV:  9    Int:  9    God:
Gold:   113        SH:  4    Dex:  9    Spells: 3/3 levels left

rFire   . . .      SeeInvis .   a - +0 flail
rCold   . . .      Faith    .   c - +0 buckler
rNeg    + . .      Spirit   .   b - +0 scale mail
rPois   ∞          Reflect  .   (no helmet)
rElec   +          Harm     .   (no cloak)
rCorr   .          Rampage  .   (no gloves)
Will    .....                   (no boots)
Stlth   ..........              (no amulet)
HPRegen 0.09/turn               (no ring)
MPRegen 0.09/turn               (no ring)

@: no status effects
A: sickness immunity, AC +3, negative energy resistance 1, electricity
resistance, torment resistance 1, petrification resistance
a: no special abilities


You were on level 3 of the Dungeon.
You visited 1 branch of the dungeon, and saw 3 of its levels.

You collected 113 gold pieces.

Inventory:

Hand Weapons
 a - a +0 flail (weapon)
 g - a +3 dagger
Armour
 b - a +0 scale mail (worn)
 c - a +0 buckler (worn)
Wands
 r - a wand of paralysis (10)
Scrolls
 i - a scroll of noise {unknown}
 j - 4 scrolls of identify {unknown}
 k - a scroll of vulnerability {unknown}
 l - 4 scrolls of teleportation {unknown}
 n - a scroll of enchant armour {unknown}
 o - a scroll of immolation {unknown}
 p - a scroll of fear {unknown}
Potions
 d - a potion of might
 e - a potion of ambrosia {unknown}
 f - 3 potions of heal wounds {unknown}
 h - a potion of degeneration {unknown}
 m - a potion of mutation {unknown}
 q - a potion of curing {unknown}
 s - 2 potions of cancellation {unknown}
 t - a potion of attraction {unknown}


   Skills:
 + Level 4.0 Fighting
 * Level 3.3 Maces & Flails
 + Level 3.9 Armour
 + Level 3.9 Shields


You had 3 spell levels left.
You didn't know any spells.
Your spell library was empty.

Dungeon Overview and Level Annotations

Branches:
Dungeon (3/15)

Altars:
Fedhas
Zin


Innate Abilities, Weirdness & Mutations

You are immune to sickness and miasma.
Your stone body is resilient. (AC +3)
You are immune to poison.
You resist negative energy. (rN+)
You are resistant to electric shocks. (rElec)
You are resistant to unholy torment.
You are immune to petrification.


Message History

The orc barely misses you.
You barely miss the orc. You block the orc's attack.
You hit the orc.
The orc is moderately wounded.
The orc barely misses you.
You closely miss the orc.
The orc is moderately wounded.
The orc hits you with a +0 war axe.
You closely miss the orc.
The orc is moderately wounded.
The orc closely misses you. The orc hits you with a +0 war axe.
You are too injured to fight recklessly!
You are too injured to fight recklessly!
You closely miss the orc.
The orc is moderately wounded.
The orc hits you with a +0 war axe.
* * * LOW HITPOINT WARNING * * *
You closely miss the orc.
The orc is moderately wounded.
You block the orc's attack.
You barely miss the orc.
The orc is moderately wounded.
The orc hits you but does no damage. x2
You hit the orc.
The orc is almost dead.
You block the orc's attack.
You hit the orc but do no damage.
The orc is almost dead.
The orc closely misses you.
You barely miss the orc.
The orc is almost dead.
The orc hits you but does no damage. The orc barely misses you.
You closely miss the orc.
The orc is almost dead.
The orc hits you with a +0 war axe!
* * * LOW HITPOINT WARNING * * *
You closely miss the orc.
The orc is almost dead.
The orc hits you with a +0 war axe.
You die...

≈._.≈.≈.####.........#
.#### ≈...≈.≈...
+........>#####....
≈≈§.≈.≈.#
#.........#.......
.§....≈.#
#.........#.#.#.#.#.#
≈≈≈≈≈≈≈.#
#............K!.....
).......#
#.####.###)#.#.#...
#..#....#####.##K..#
#..S.......
...+.......##.##o###
#.#o#.....#
####.......##.##@#
#..o......K .#
###...).##.#..#
#.#.......# .#
#..........##
#.......... ♣[#
#......#.###
#.#o#.#.#.. P.
#.....(#.# ...#....r
#####..#.# #..#.#
#....# ..####


You could see an orc and a kobold.

Vanquished Creatures
  Jessica (D:2)
  2 adders (D:2)
  A worm (D:3)
  2 dart slugs
  7 orcs
  A bat (D:1)
  4 endoplasms (D:2)
  A giant cockroach (D:3)
  3 goblins
  6 hobgoblins
  3 jackals (D:3)
  4 quokkas
  5 ball pythons
  5 kobolds
  A rat (D:2)
46 creatures vanquished.

Vanquished Creatures (others)
  9 plants (D:3)
9 creatures vanquished.

Grand Total: 55 creatures vanquished

Notes
Turn   | Place    | Note
-------+----------+-------------------------------------------
     0 | D:1      | Qrupt the Gargoyle Fighter began the quest for the Orb.
     0 | D:1      | Reached XP level 1. HP: 14/14 MP: 1/1
   345 | D:1      | Reached XP level 2. HP: 8/19 MP: 2/2
  1559 | D:2      | Reached XP level 3. HP: 10/23 MP: 3/3
  2037 | D:2      | Noticed Jessica
  2045 | D:2      | Killed Jessica
  2046 | D:2      | Reached XP level 4. HP: 18/29 MP: 4/4
  2382 | D:3      | Found a glowing silver altar of Zin.
  2419 | D:3      | Found a blossoming altar of Fedhas.
  3018 | D:3      | Reached skill level 4 in Fighting
  3052 | D:3      | Slain by an orc

Illustrated notes

Levels and vault maps discovered:
D:1:      spicycebolla_arrival_ecumenical, layout_loops_ring
D:2:      layout_basic, uniq_jessica
D:3:      layout_basic, mainiacjoe_overflow_concentric_impassable,
          nicolae_overflow_crystal_walls, supply_closet_lemuel,
          hangedman_decor_riveting, serial_bayou_lake_a

Skill      XL: |  1  2  3  4 |
---------------+-------------+-----
Maces & Flails | 3 |  3.3
Fighting       | 4 |  4.0
Armour         | |  3.9
Shields        | |  3.9

Action                   |  1- 3 |  4- 6 || total
-------------------------+-------+-------++-------
Melee: Flail             |   105 |    92 ||   197
Armor: Scale mail        |    70 |    50 ||   120
Dodge: Dodged            |    47 |    31 ||    78
Block: Buckler           |    29 |    22 ||    51
